 Dungeon Crawl Stone Soup version 0.28.0 (webtiles) character file.

Game seed: 1211707781763837947

5135 wat the Cleaver (level 10, -2/93 HPs)
             Began as a Minotaur Berserker on Feb 7, 2022.
             Was a Priest of Trog.
             Slain by a fire elemental (10 damage)
             ... summoned by a deep elf pyromancer
             ... on level 9 of the Dungeon.
             The game lasted 00:13:06 (10510 turns).

wat the Cleaver (Minotaur Berserker)               Turns: 10510, Time: 00:13:07

Health: -2/93      AC: 23    Str: 24    XL:     10   Next: 33%
Magic:  9/9        EV:  8    Int:  5    God:    Trog [***...]
Gold:   362        SH:  0    Dex: 10    Spells: 9/9 levels left

rFire   . . .      SeeInvis .   a - +0 broad axe
rCold   . . .      Faith    .   (no shield)
rNeg    + . .      Spirit   .   y - +0 plate armour
rPois   +          Reflect  .   B - +0 hat
rElec   .          Harm     .   A - +2 ratskin cloak {*Rats rPois rN+ Str-1 Int-1 Dex+1}
rCorr   .          Rampage  .   (no gloves)
Will    .....                   O - +0 pair of boots
Stlth   ..........              (no amulet)
HPRegen 0.25/turn               p - +4 ring of slaying
MPRegen 0.11/turn               k - +4 ring of protection

@: on berserk cooldown, slowed, very slow
A: horns 2, retaliatory headbutt
a: Renounce Religion, Berserk, Trog's Hand


You were on level 9 of the Dungeon.
You worshipped Trog.
Trog was most pleased with you.
You visited 1 branch of the dungeon, and saw 9 of its levels.

You collected 452 gold pieces.
You spent 90 gold pieces at shops.

Inventory:

Hand Weapons
 a - a +0 broad axe (weapon)
 l - a +0 hunting sling
 F - a +0 club of chaos
 H - a +5 flail of protection
 K - a +3 quarterstaff of chaos
 N - a +2 quarterstaff of draining
 R - a +5 morningstar of freezing
Missiles
 d - 86 sling bullets
 g - 4 curare-tipped darts (quivered)
 h - 10 atropa-tipped darts
 n - 210 stones
Armour
 b - a +0 animal skin
 q - a +0 ring mail
 s - the +1 leather armour of the Forest {rF- rN+ Regen+ rCorr}
   (You found it on level 3 of the Dungeon)

   rF:        It makes you vulnerable to fire.
   rN:        It protects you from negative energy.
   Regen:     It increases your rate of health regeneration.
   rCorr:     It protects you from acid and corrosion.
 v - a +0 chain mail
 y - a +0 plate armour (worn)
 A - the +2 ratskin cloak (worn) {*Rats rPois rN+ Str-1 Int-1 Dex+1}
   (You found it on level 4 of the Dungeon)

   When the wearer is hurt, rats may emerge from it to assist them.
   Str:       It affects your strength (-1).
   Int:       It affects your intelligence (-1).
   Dex:       It affects your dexterity (+1).
   rPois:     It protects you from poison.
   rN:        It protects you from negative energy.
 B - a +0 hat (worn)
 O - a +0 pair of boots (worn)
Jewellery
 c - a +4 ring of evasion
 k - a +4 ring of protection (right hand)
 m - a ring of fire
 p - a +4 ring of slaying (left hand)
 Q - a +4 ring of evasion
Wands
 J - a wand of flame (23)
 P - a wand of digging (4)
Scrolls
 i - 2 scrolls of silence
 j - 3 scrolls of blinking
 r - a scroll of acquirement {unknown}
 t - 2 scrolls of enchant weapon {unknown}
 x - 6 scrolls of teleportation
 C - 2 scrolls of immolation {unknown}
 E - 3 scrolls of identify
 I - 3 scrolls of fear {unknown}
 L - a scroll of vulnerability {unknown}
Potions
 e - a potion of magic {unknown}
 f - 2 potions of heal wounds
 o - 2 potions of haste {unknown}
 u - 3 potions of ambrosia
 w - 2 potions of curing
 z - a potion of berserk rage {unknown}
 D - 2 potions of attraction {unknown}
 G - a potion of mutation {unknown}
 M - a potion of lignification {unknown}


   Skills:
 + Level 10.1 Fighting
 + Level 10.2 Axes
 + Level 9.8 Armour
 - Level 2.1 Dodging
 + Level 8.3 Shields


You had 9 spell levels left.
You didn't know any spells.
Your spell library was empty.

Dungeon Overview and Level Annotations

Branches:
Dungeon (9/15)             Temple (0/1) D:4
   Lair: D:8-11         Orc: D:9-12

Altars:
Gozag
Kikubaaqudgha
Nemelex Xobeh
Ru
Sif Muna
Wu Jian
Xom

Shops:
D:4 *[**=   D:8 *

Annotations:
D:5 2 transporters, pkoi's ghost, novice DrCj


Innate Abilities, Weirdness & Mutations

You have a pair of horns on your head.
You reflexively headbutt those who attack you in melee.


Message History

The orc hits you from afar with a +0 trident.
The fire elemental hits you. The fire elemental burns you!
You barely miss the fire elemental.
The fire elemental is almost destroyed.
The fire elemental hits you. The fire elemental burns you!
* * * LOW HITPOINT WARNING * * *
The orc hits you but does no damage. The fire elemental closely misses you.
The deep elf pyromancer mumbles some strange words.
The deep elf pyromancer blinks!
The orc completely misses you.
You slice the fire elemental!!
You destroy the fire elemental!
The fire elemental disappears in a puff of smoke!
The orc barely misses you.
You closely miss the fire elemental.
Your headbutt misses the fire elemental.
The fire elemental barely misses you. The orc hits you but does no damage.
The fire elemental hits you. The fire elemental burns you!
* * * LOW HITPOINT WARNING * * *
A hell rat scurries out from under your cloak.
The orc hits you but does no damage. x2
You feel the effects of Trog's Hand fading.
The fire elemental closely misses you.
There is an open door here.
The fire elemental hits your hell rat. The fire elemental burns your hell rat!
Your hell rat bites the fire elemental.
The fire elemental hits your hell rat. The fire elemental burns your hell rat!
Your hell rat dies!
The fire elemental hits you. The fire elemental burns you!
* * * LOW HITPOINT WARNING * * *
Your skin stops crawling.
You feel less strong-willed.
The deep elf pyromancer gestures wildly while chanting.
The deep elf pyromancer blinks!
The fire elemental barely misses you. The fire elemental hits you.
The fire elemental burns you!
* * * LOW HITPOINT WARNING * * *
A river rat scurries out from under your cloak.
The fire elemental barely misses you. The fire elemental hits you.
The fire elemental burns you!
* * * LOW HITPOINT WARNING * * *
The fire elemental hits you. The fire elemental burns you!
You die...

#.......#......#
#.##....#......#
####+##....#......#
#..........# #..........#
#..........# #..........#
#.<...)....+ #.@........#
#... #.E....>...# ####...
#.☼####....# ..
.....#####.°####....# ...
#○...#.....°r#......#
....#....#....o..#......#
....#....#..o....#......#
........○#.E.....#......#
[......°o##○########'####..


You could see 2 fire elementals, 2 orcs and a friendly river rat.

Vanquished Creatures
  Maggie (D:7)
  A hornet (D:7)
  Grinder (D:3)
  A meliai zombie (D:8)
  Sigmund (D:4)
  Eustachio (D:4)
  Edmund (D:5)
  Menkaure (D:5)
  2 water moccasins
  Duvessa (D:7)
  3 black bears
  Pargi (D:4)
  4 orc warriors (D:9)
  3 ogres
  A phantom (D:6)
  A centaur (D:8)
  Blork the orc (D:4)
  2 bullfrogs
  A wyvern zombie (D:8)
  3 scorpions
  A wyvern skeleton (D:6)
  A water moccasin zombie (D:5)
  Dowan (D:7)
  8 killer bees (D:9)
  5 wights (D:8)
  A centaur zombie (D:8)
  2 jellies
  Crazy Yiuf (D:5)
  3 centaur skeletons
  2 orc priests
  A hound (D:4)
  A gnoll shaman (D:6)
  4 iguanas
  8 orc wizards
  2 scorpion zombies (D:5)
  A killer bee zombie (D:8)
  An adder (D:2)
  12 gnolls
  A howler monkey skeleton (D:7)
  An ufetubus (D:4)
  3 worms
  3 dart slugs
  19 orcs
  5 endoplasms
  3 giant cockroaches (D:2)
  11 hobgoblins
  7 ball pythons
  9 bats
  A frilled lizard (D:1)
  6 goblins
  8 kobolds
  11 rats
174 creatures vanquished.

Vanquished Creatures (collateral kills)
  A troll (D:6)
1 creature vanquished.

Vanquished Creatures (others)
  3 plants (D:8)
3 creatures vanquished.

Grand Total: 178 creatures vanquished

Notes
Turn   | Place    | Note
-------+----------+-------------------------------------------
     0 | D:1      | wat the Minotaur Berserker began the quest for the Orb.
     0 | D:1      | Reached XP level 1. HP: 19/19 MP: 0/0
   300 | D:1      | Reached XP level 2. HP: 22/27 MP: 1/1
  1340 | D:2      | Reached XP level 3. HP: 19/33 MP: 2/2
  2104 | D:2      | Found a faded altar of an unknown god.
  2135 | D:2      | Reached ** piety under Trog
  2812 | D:3      | Found a sparkling altar of Nemelex Xobeh.
  2825 | D:3      | Found an opulent altar of Gozag.
  2863 | D:3      | Reached XP level 4. HP: 41/41 MP: 3/3
  2887 | D:3      | Found an ancient bone altar of Kikubaaqudgha.
  2888 | D:3      | Noticed Grinder
  2893 | D:3      | Identified the +1 leather armour of the Forest {rF- rN+
                  | Regen+ rCorr}
  2912 | D:3      | Killed Grinder
  2913 | D:3      | Reached skill level 5 in Fighting
  2913 | D:3      | Reached skill level 5 in Axes
  2913 | D:3      | Reached XP level 5. HP: 22/48 MP: 4/4
  3077 | D:3      | Found a glowing drain.
  3326 | D:3      | Found a sacrificial altar of Ru.
  3328 | D:3      | Reached XP level 6. HP: 56/56 MP: 5/5
  3687 | D:4      | Found Dempur's Assorted Antiques.
  3712 | D:4      | Found Vingiodgh's Antique Armour Emporium.
  3737 | D:4      | Noticed Blork the orc
  3742 | D:4      | Killed Blork the orc
  3743 | D:4      | Reached skill level 5 in Armour
  3743 | D:4      | Reached skill level 1 in Shields
  3822 | D:4      | Found Xuyr's General Store.
  3828 | D:4      | Bought a +0 broad axe for 48 gold pieces
  3836 | D:4      | Noticed Pargi
  3846 | D:4      | Killed Pargi
  3922 | D:4      | Found a staircase to the Ecumenical Temple.
  4003 | D:4      | Found Wyawn's General Store.
  4014 | D:4      | Bought a scroll of teleportation for 42 gold pieces
  4080 | D:4      | Found the +2 ratskin cloak {*Rats rPois rN+ Str-1 Int-1
                  | Dex+1}
  4108 | D:4      | Noticed Eustachio
  4118 | D:4      | Killed Eustachio
  4119 | D:4      | Reached XP level 7. HP: 64/64 MP: 6/6
  4396 | D:4      | Found Ball's Jewellery Boutique.
  4683 | D:5      | Entered Level 5 of the Dungeon
  4707 | D:5      | Noticed Sigmund
  4749 | D:4      | Killed Sigmund
  5122 | D:5      | Noticed pkoi's ghost (novice DrCj)
  5129 | D:5      | Found a transporter.
  5133 | D:5      | Noticed Menkaure
  5135 | D:5      | Found a transporter.
  5138 | D:5      | Killed Menkaure
  5139 | D:5      | Reached XP level 8. HP: 43/73 MP: 7/7
  5364 | D:5      | Found a shimmering altar of Xom.
  5450 | D:5      | Noticed Edmund
  5459 | D:5      | Killed Edmund
  6004 | D:5      | Found a runed translucent door.
  6005 | D:5      | Noticed Crazy Yiuf
  6010 | D:5      | Killed Crazy Yiuf
  6011 | D:5      | Reached skill level 5 in Shields
  6781 | D:6      | Reached XP level 9. HP: 81/81 MP: 8/8
  6782 | D:6      | Noticed a troll
  6790 | D:6      | Killed a troll
  7373 | D:6      | Reached *** piety under Trog
  8543 | D:7      | Noticed Maggie
  8555 | D:7      | Killed Maggie
  9027 | D:7      | Noticed Dowan
  9028 | D:7      | Noticed Duvessa
  9034 | D:7      | Killed Duvessa
  9036 | D:7      | Killed Dowan
  9426 | D:8      | Reached XP level 10. HP: 85/91 MP: 9/9
  9574 | D:8      | Found a shimmering blue altar of Sif Muna.
  9642 | D:8      | Found Giklaw's Assorted Antiques.
 10274 | D:9      | Reached skill level 10 in Axes
 10346 | D:9      | Found an ornate altar of the Wu Jian Council.
 10388 | D:9      | Reached skill level 10 in Fighting
 10389 | D:9      | Reached **** piety under Trog
 10445 | D:9      | Noticed a deep elf pyromancer
 10510 | D:9      | Slain by a fire elemental

Illustrated notes

Levels and vault maps discovered:
D:1:      erik_arrival_cave_to_civilisation [erik_arrival_cave_to_hall],
          layout_basic
D:2:      layout_loops_ring, ebering_ecumenical_altar_hall, serial_glass,
          glass_columns_c, glass_columns_b, columned_hall_lemuel, st_stairs_13,
          minmay_circle_x
D:3:      layout_basic, mainiacjoe_overflow_alcove_1, kiku_gazebo_pond_becter,
          nicolae_ru_great_annihilating_truth, mainiacjoe_overflow_boulevard,
          gup_sewer_entry_glass, uniq_grinder
D:4:      layout_basic, minmay_temple_entry_offerings, serial_shops,
          kennysheep_mini_moat, shop, nicolae_take_the_stairs,
          nicolae_shop_stone, nicolae_shop_advertising_works
          [nicolae_subvault_shop_adworks], uniq_eustachio, uniq_blork_the_orc,
          uniq_pargi
D:5:      layout_cave_pools, tgw_xom, gammafunk_ghost_hive, uniq_edmund,
          uniq_crazy_yiuf_cottage, uniq_sigmund, uniq_menkaure
D:6:      layout_basic, serial_corexii_hall, corexii_hall_statues_i,
          chequers_hall_statues_corner_a
D:7:      layout_loops_cross, uniq_duvessa, uniq_maggie
D:8:      layout_cave_pools, lemuel_blue_sif_altar, enter_bailey_7,
          serial_bayou, serial_bayou_shore_b, serial_bayou_pond_d,
          serial_bayou_pond_c, serial_bayou_pond_e, serial_shops, shop
D:9:      layout_stronghold, nzn_hepliaklqana_mist_gate,
          lemuel_coloured_pillars_altar, nicolae_wu_jian_glorious_leap,
          lair_entry_dummy, david_orc_4, lemuel_flamethrower_1

Skill      XL: |  1  2  3  4  5  6  7  8  9 10 |
---------------+-------------------------------+-----
Fighting       | 4 5 6 7 8 9 10 | 10.1
Axes           | 4 5 6 7 8 9 10 | 10.2
Armour         | 3 4 5 6 7 9 |  9.8
Shields        | 2 3 5 7 8 |  8.3
Dodging        | |  2.1

Action                   |  1- 3 |  4- 6 |  7- 9 | 10-12 || total
-------------------------+-------+-------+-------+-------++-------
Melee: Hand axe          |   105 |    38 |       |       ||   143
       Headbutt          |    13 |    12 |    41 |    17 ||    83
       Broad axe         |       |    13 |   191 |    81 ||   285
       Punch             |       |     1 |     4 |       ||     5
Invok: Berserk           |       |     2 |     1 |     1 ||     4
       Trog's Hand       |       |     2 |     2 |     2 ||     6
Evoke: Wand              |       |       |       |     1 ||     1
  Use: Scroll            |       |       |     4 |       ||     4
 Stab: Sleeping          |     1 |       |       |       ||     1
Armor: Animal skin       |     9 |       |       |       ||     9
       Ring mail         |     1 |     1 |       |       ||     2
       Leather armour    |       |    13 |       |       ||    13
       Chain mail        |       |    19 |    60 |       ||    79
       Plate armour      |       |       |   106 |   104 ||   210
Dodge: Dodged            |    63 |    28 |    69 |    63 ||   223
